 Dungeon Crawl Stone Soup version 0.31-a0-1074-g0b22e4e0f1 (webtiles) character file.

Game seed: 1742779977309802068

878 Jeffwins the Changeling (level 8, -3/80 HPs)
             Began as an Ogre Shapeshifter on Nov 27, 2023.
             Was a Follower of Okawaru.
             Slain by an orc
             ... wielding a +0 morningstar
              (7 damage)
             ... on level 5 of the Dungeon.
             The game lasted 00:05:23 (4892 turns).

Jeffwins the Changeling (Ogre Shapeshifter)         Turns: 4892, Time: 00:05:24

Health: -3/80      AC:  5    Str: 19    XL:     8   Next: 4%
Magic:  8/8        EV:  9    Int: 13    God:    Okawaru [*.....]
Gold:   202        SH:  5    Dex:  8    Spells: 7/7 levels left

rFire   + .          .
                       - Unarmed
rCold   + . .        g - orb {light}
rNeg    . . .        b - +2 robe {rF+}
rPois   .            (helmet currently unavailable)
rElec   .            (cloak currently unavailable)
rCorr   .            (gloves unavailable)
SInv    .            (boots unavailable)
Will    .....        a - amulet of reflection
Stlth   +            (no ring)
HPRegen 1.13/turn    (no ring)
MPRegen 0.11/turn

%: reflection
@: lethally poisoned (-3 -> -3), beast-form, attractive, glowing
A: beast (slay +4), large, unfitting armour, tough skin 1, cold resistance 1,
regeneration 1
a: Begin Untransformation, Renounce Religion, Heroism


You were on level 5 of the Dungeon.
You worshipped Okawaru.
Okawaru was aware of your devotion.
You were a hulking beast.
You visited 1 branch of the dungeon, and saw 5 of its levels.

You collected 202 gold pieces.


Innate Abilities, Weirdness & Mutations

You are a hulking beast.
Your limbs bulge with bestial killing power. (Slay +4)
You are too large for most types of armour.
You have tough skin. (AC +1)
Your flesh is cold resistant. (rC+)
Your natural rate of healing is unusually fast.


   Skills:
 + Level 5.1 Fighting
 - Level 2.0 Dodging
 - Level 3.0 Unarmed Combat
 * Level 7.7 Shapeshifting


You had 7 spell levels left.
You didn't know any spells.
Your spell library contained the following spells:

 Spells                   Type           Power      Damage    Failure   Level
 Necrotise                Necr           0%         1d4       30%         1
 Cigotuvi's Dreadful Rot  Necr/Pois/Air  0%         N/A       43%         2
 Ignite Poison            Fire/Tmut/Pois 0%         N/A       67%         3
 Vampiric Draining        Necr           0%         2d6       67%         3
 Agony                    Necr           0%         N/A       100%        5
 Freezing Cloud           Conj/Ice/Air   0%         6-21      100%        5

Inventory:

Armour
 b - a +2 robe of fire resistance (worn)
 g - an orb of light (worn)
 q - a +1 hat
Jewellery
 a - an amulet of reflection (around neck)
 H - an amulet of faith {!P}
Talismans
 c - a beast talisman
 d - a flux talisman
 o - a blade talisman
Scrolls
 f - a scroll of fear {unknown}
 h - a scroll of silence {unknown}
 k - 4 scrolls of identify {unknown}
 m - a scroll of noise {unknown}
 n - a scroll of teleportation {unknown}
 r - a scroll of immolation {unknown}
Potions
 i - 2 potions of haste {@q3}
 l - a potion of might
 p - a potion of heal wounds {unknown}
 s - a potion of berserk rage {unknown}

Dungeon Overview and Level Annotations

Branches:
Dungeon (5/15)
 Temple: D:4-7

Altars:
Okawaru

.............## #.##.#
....5...s.....#########.#...
.......+....................
.......##.#...######........
......(.......# #.##..#.#
#.....###.###s# #.##..###
##..# #.# #.# #.##>.# #+
#.###.### #.##..# #.oh†...#
#.##..# #####.#.# #.....#
#.# # ####.## ..# ###


You could see an orc.


Message History

* * * LOW HITPOINT WARNING * * *
You feel sick.
Unknown command.
You start resting.
* * * LOW HITPOINT WARNING * * *
You feel sick.
You start resting.
* * * LOW HITPOINT WARNING * * *
You feel sick.
An orc comes into view. It is wielding a +0 morningstar.
An orc is nearby!
Unknown command.
It was a potion of attraction.
You feel attractive to monsters.
* * * LOW HITPOINT WARNING * * *
You feel sick.
The orc shouts!
You hear a shout!
Unknown command.
It was a potion of mutation.
You feel extremely strange.
You feel resistant to cold.
You begin to heal more quickly.
You feel sick. The orc closely misses you.
Unknown command.
You hit the orc.
The orc is heavily wounded.
You feel sick. The orc misses you.
Unknown command.
You barely miss the orc.
The orc is heavily wounded.
You feel sick. The orc hits you with a +0 morningstar!
You die...

Skill      XL: |  1  2  3  4  5  6  7 |
---------------+----------------------+-----
Dodging        | 2 |  2.0
Unarmed Combat | 3 |  3.0
Shapeshifting  | 5 6 7 |  7.7
Fighting       | 3 5 |  5.1

Action                     |  1- 3 |  4- 6 |  7- 9 || total
---------------------------+-------+-------+-------++-------
  Melee: Unarmed           |    57 |   142 |    88 ||   287
    Use: Potion            |     1 |     2 |     5 ||     8
 Armour: Animal skin       |    37 |       |       ||    37
         Skin              |     3 |       |       ||     3
         Robe              |       |   100 |    66 ||   166
  Dodge: Dodged            |    17 |    61 |    23 ||   101

Levels and vault maps discovered:
D:1:      orjb1_lava_funnel, layout_loops_ring,
          hellmonk_ecumenical_altar_watching_god,
          hangedman_abyss_or_decor_lesser_grid
D:2:      layout_basic, nicolae_houndstooth_variations, uniq_sigmund
D:3:      layout_loops_ring, hellmonk_no_cap
D:4:      layout_basic, old_standard_altar, minmay_surrounded
D:5:      layout_loops_corners, kb_lookout_dungeons_type, grunt_ministairs_4

Notes
Turn   | Place    | Note
-------+----------+-------------------------------------------
     0 | D:1      | Jeffwins the Ogre Shapeshifter began the quest for the Orb.
     0 | D:1      | Reached XP level 1. HP: 19/19 MP: 1/1
   270 | D:1      | Reached XP level 2. HP: 26/27 MP: 2/2
   337 | D:1      | Noticed a golden eye
   340 | D:1      | Noticed a golden eye
   342 | D:1      | Found a faded altar of an unknown god.
   344 | D:1      | Noticed a shining eye
   400 | D:1      | Noticed a shining eye
   417 | D:1      | Reached skill level 2 in Dodging
   910 | D:2      | Reached skill level 3 in Unarmed Combat
   910 | D:2      | Reached XP level 3. HP: 17/33 MP: 3/3
  1115 | D:2      | Noticed Sigmund
  1125 | D:2      | Killed Sigmund
  1126 | D:2      | Reached skill level 5 in Shapeshifting
  1126 | D:2      | Reached XP level 4. HP: 31/41 MP: 4/4
  1126 | D:2      | Reached XP level 5. HP: 37/48 MP: 5/5
  1581 | D:2      | Reached XP level 6. HP: 50/55 MP: 6/6
  1991 | D:3      | Reached skill level 6 in Shapeshifting
  2240 | D:3      | Reached skill level 2 in Fighting
  3137 | D:4      | Reached skill level 3 in Fighting
  3234 | D:4      | Reached XP level 7. HP: 62/67 MP: 7/7
  3335 | D:4      | Found an iron altar of Okawaru.
  3360 | D:4      | Became a worshipper of Warmaster Okawaru
  4152 | D:5      | Entered Level 5 of the Dungeon
  4377 | D:5      | Reached skill level 7 in Shapeshifting
  4459 | D:5      | Reached skill level 4 in Fighting
  4618 | D:5      | Reached * piety under Okawaru
  4885 | D:5      | Reached skill level 5 in Fighting
  4885 | D:5      | Reached XP level 8. HP: 12/80 MP: 8/8
  4886 | D:5      | HP: 8/80 [poisoned by a scorpion]
  4890 | D:5      | Gained mutation: Your flesh is cold resistant. (rC+)
                  | [potion of mutation]
  4890 | D:5      | Gained mutation: Your natural rate of healing is unusually
                  | fast. [potion of mutation]
  4891 | D:5      | HP: 4/80 [poisoned by a scorpion]
  4892 | D:5      | Slain by an orc

Vanquished Creatures
  Sigmund (D:2)
  A water moccasin (D:5)
  An ogre (D:5)
  2 scorpions (D:5)
  A hound (D:4)
  An iguana (D:4)
  4 sleepcaps
  3 orc wizards
  3 gnolls (D:2)
  5 adders
  A shadow imp (D:5)
  2 worms
  2 dart slugs
  11 orcs
  4 endoplasms
  5 giant cockroaches
  8 goblins
  7 hobgoblins
  2 quokkas
  8 ball pythons
  3 bats
  6 kobolds
  5 rats (D:2)
86 creatures vanquished.

Table legend: (Time is in decaauts)
 A = Elapsed time spent in this place.
 B = Non-inter-level travel time spent in this place.
 C = Inter-level travel time spent in this place.
 D = Time resting spent in this place.
 E = Time spent auto-exploring this place.
 F = Levels seen in this place.
 G = Mean time per level.
                   A        B        C        D        E       F      G
               +--------+--------+--------+--------+--------+-----+--------+
         Total |   4843 |   4681 |    162 |    461 |   3510 |   5 |  968.6 |
       Dungeon |   4843 |   4681 |    162 |    461 |   3510 |   5 |  968.6 |
               +--------+--------+--------+--------+--------+-----+--------+

Top non-repeatable levels by time:
     D:3: 1218 daAuts
     D:2: 1122 daAuts
     D:4: 987 daAuts
     D:1: 777 daAuts
     D:5: 737 daAuts

Table legend:
 A = Non-vault XP
 B = Vault XP
 C = Vault XP percentage of total XP
 D = Non-vault monster count
 E = Vault monster count
 F = Vault count percentage of total count
                 A         B        C        D         E       F
            +---------+---------+-------+---------+---------+-------
      Total |     901 |     354 |  28.2 |      79 |       7 |   8.1
            +---------+---------+-------+---------+---------+-------
        D:1 |      15 |       0 |   0.0 |       7 |       0 |   0.0
        D:2 |      86 |     223 |  72.2 |      22 |       1 |   4.3
        D:3 |     118 |     114 |  49.1 |      18 |       3 |  14.3
        D:4 |     202 |      17 |   7.8 |      24 |       3 |  11.1
        D:5 |     480 |       0 |   0.0 |       8 |       0 |   0.0
            +---------+---------+-------+---------+---------+-------
